[Event "Titled Tuesday Blitz July 18 Early 2023"]
[White "Vovk, Orest"]
[Black "Zhigalko, Sergei"]
[WhiteFideId "14113490"]
[BlackFideId "13502956"]
[WhiteElo "2582"]
[BlackElo "2883"]
[Result "1/2-1/2"]
[Round "2"]
[TimeControl "180+2"]
[Date "2023.07.18"]
[WhiteClock "0:00:04"]
[BlackClock "0:00:03"]
[Board "35"]

1. g4 d5 2. h3 e5 3. Bg2 c6 4. d4 e4 5. c4 Bd6 6. Nc3 Ne7 7. Qb3 O-O 8. Bg5 f6 9. Bd2 Kh8 10. e3 f5 11. gxf5 Rxf5 12. f4 exf3 13. Nxf3 Bg3+ 14. Ke2 Nd7 15. Raf1 Nf6 16. Ne1 Qe8 17. Kd1 Be6 18. Kc1 b6 19. cxd5 cxd5 20. Nd3 Rc8 21. Nf4 Bxf4 22. Rxf4 Rxf4 23. exf4 Qg6 24. Bf3 Nf5 25. Qb4 Qg3 26. Bg4 Nxg4 27. hxg4 Qxg4 28. Re1 Bg8 29. Qa4 h6 30. Qd7 Rf8 31. Nxd5 Bxd5 32. Qxd5 Nh4 33. Qd6 Rc8+ 34. Bc3 Nf3 35. Rd1 Qf5 36. Rf1 Nh4 37. Rd1 Ng2 38. Qe5 Qg6 39. Qe2 Qg3 40. Qc2 Nxf4 41. Qd2 Nd5 42. Kc2 b5 43. Kb1 b4 44. Bxb4 Nxb4 45. Qxb4 Qf3 46. Qd2 Qd5 47. a3 a5 48. Rc1 Rd8 49. Rd1 a4 50. Qd3 Rb8 51. Qd2 Qb3 52. Ka1 Rc8 53. Rc1 Rd8 54. Rd1 Qd5 55. Qc3 Kg8 56. Qd2 Rd7 57. Qc3 Rd6 58. Qc8+ Kh7 59. Qc2+ Kh8 60. Qxa4 Rd8 61. Qc2 Rb8 62. Qc3 Rd8 63. Rd2 Qd6 64. Rd1 Qd5 65. Qc2 Rd7 66. Qc3 Rd8 1/2-1/2


[Site "https://www.chess.com"]

[Event "Titled Tuesday Blitz July 18 Early 2023"]
[White "Pham, Khoi"]
[Black "Galchenko, Matvey"]
[WhiteFideId "1054988"]
[BlackFideId "24175480"]
[WhiteElo "2581"]
[BlackElo "2877"]
[Result "0-1"]
[Round "2"]
[TimeControl "180+2"]
[Date "2023.07.18"]
[WhiteClock "0:00:00"]
[BlackClock "0:00:05"]
[Board "36"]

1. e4 e6 2. d4 d5 3. Nd2 a6 4. Ngf3 Nf6 5. Bd3 c5 6. e5 Nfd7 7. c3 Nc6 8. O-O g5 9. Nb3 h6 10. Nxc5 Nxc5 11. dxc5 Bxc5 12. Qe2 Qc7 13. b4 Bf8 14. Re1 Bd7 15. Bd2 Bg7 16. h3 Rd8 17. a4 Ne7 18. b5 a5 19. Rac1 b6 20. c4 dxc4 21. Bxc4 Qb8 22. Be3 Ng6 23. Bd4 Nf4 24. Qe4 Bc8 25. Qc6+ Bd7 26. Qxb6 Qa8 27. Qa6 Nxh3+ 28. Kh2 Nf4 29. Bb6 Qxa6 30. bxa6 Ra8 31. Bb5 Bxb5 32. axb5 Nd3 33. Bxa5 Nxc1 34. Rxc1 g4 35. b6 gxf3 36. b7 Bxe5+ 37. g3 Rxa6 38. Rc8+ Kd7 39. Rxh8 Rxa5 40. b8=Q Bxb8 41. Rxb8 Ke7 42. Rb3 Rf5 43. g4 Rg5 44. Kg3 f5 45. Kxf3 Rxg4 46. Rb7+ Kf6 47. Rb1 h5 48. Rh1 h4 49. Rb1 Rg7 50. Rh1 Rh7 51. Rh3 e5 52. Kg2 Kg5 53. Ra3 Kg4 54. Ra4+ e4 55. Ra3 h3+ 56. Kh2 Rh8 57. Rg3+ Kf4 58. Re3 Rh4 59. Rg3 Rg4 60. Rxh3 Rg7 61. Re3 Ke5 62. Rh3 f4 63. Ra3 Rg8 64. Ra5+ Kd4 65. Ra4+ Kd3 66. Ra3+ Ke2 67. Ra2+ Kf3 68. Kh1 e3 69. fxe3 fxe3 70. Rg2 Ra8 71. Kg1 e2 72. Rf2+ Ke3 0-1


[Site "https://www.chess.com"]

[Event "Titled Tuesday Blitz July 18 Early 2023"]
[White "Donchenko, Alexander"]
[Black "Souleidis, Georgios"]
[WhiteFideId "24603295"]
[BlackFideId "4206827"]
[WhiteElo "2864"]
[BlackElo "2580"]
[Result "1-0"]
[Round "2"]
[TimeControl "180+2"]
[Date "2023.07.18"]
[WhiteClock "0:00:49"]
[BlackClock "0:00:01"]
[Board "37"]

1. d4 d5 2. Nf3 Nf6 3. Bf4 c5 4. e3 Nc6 5. Nbd2 cxd4 6. exd4 Bf5 7. Bb5 Qb6 8. c4 dxc4 9. a4 Bd3 10. Ne5 Qxd4 11. Nxc6 Qxf4 12. Ne5+ Kd8 13. Ndxc4 Qe4+ 14. Ne3 Qxe5 15. Qxd3+ Qd6 16. Qb3 Kc8 17. O-O a6 18. Rfd1 Qe5 19. Rac1+ Kb8 20. Bc6 Ra7 21. Rd8+ Kc7 22. Bxb7+ Kxd8 23. Qb6+ Kd7 24. Qc6+ 1-0


[Site "https://www.chess.com"]

[Event "Titled Tuesday Blitz July 18 Early 2023"]
[White "Parpiev, Isaak"]
[Black "Gorovets, Andrey"]
[WhiteFideId "34281576"]
[BlackFideId "13504037"]
[WhiteElo "2580"]
[BlackElo "2857"]
[Result "1-0"]
[Round "2"]
[TimeControl "180+2"]
[Date "2023.07.18"]
[WhiteClock "0:00:13"]
[BlackClock "0:00:00"]
[Board "38"]

1. d4 Nf6 2. c4 e6 3. Nc3 Bb4 4. e3 O-O 5. Bd3 d5 6. cxd5 exd5 7. a3 Bd6 8. Qc2 a6 9. Nge2 Nbd7 10. b4 b6 11. Bd2 Bb7 12. Rb1 Qe7 13. O-O h5 14. h3 Ne4 15. Bxe4 dxe4 16. Ng3 Nf6 17. Nf5 Qe6 18. Nxd6 cxd6 19. b5 a5 20. Na4 Rac8 21. Qb2 Nd7 22. Rbc1 Rc4 23. Rxc4 Qxc4 24. Nc3 Nf6 25. Rc1 Qd3 26. Qc2 Rc8 27. Qxd3 exd3 28. f3 Bd5 29. e4 Bb3 30. Kf2 Bc2 31. Ke3 Kf8 32. Nd1 d5 33. e5 Ng8 34. Nb2 Ne7 35. g4 hxg4 36. hxg4 f6 37. Nxd3 Bxd3 38. Rxc8+ Nxc8 39. Kxd3 a4 40. f4 Kf7 41. f5 g6 42. e6+ Kg7 43. Bb4 g5 44. Bc5 bxc5 45. dxc5 Kf8 46. Kd4 Ne7 47. b6 Ke8 48. b7 Nc6+ 49. Kxd5 Nb8 50. c6 1-0


[Site "https://www.chess.com"]

[Event "Titled Tuesday Blitz July 18 Early 2023"]
[White "Rakhmanov, Aleksandr"]
[Black "Bodnaruk, Anastasia"]
[WhiteFideId "4173708"]
[BlackFideId "4181751"]
[WhiteElo "2855"]
[BlackElo "2578"]
[Result "1-0"]
[Round "2"]
[TimeControl "180+2"]
[Date "2023.07.18"]
[WhiteClock "0:00:05"]
[BlackClock "0:00:00"]
[Board "39"]

1. d4 Nf6 2. c4 g6 3. Nc3 Bg7 4. e4 d6 5. h3 O-O 6. Be3 e5 7. d5 Na6 8. g4 c6 9. Qd2 cxd5 10. cxd5 Nc5 11. f3 Bd7 12. Nge2 h5 13. Bg5 Qb6 14. Ng3 Nh7 15. Be3 h4 16. Nge2 Qxb2 17. Rb1 Qxd2+ 18. Kxd2 b6 19. Nc1 f5 20. Nd3 fxg4 21. fxg4 Bf6 22. Nxc5 bxc5 23. Bb5 Rad8 24. Bc6 Bxc6 25. dxc6 Rc8 26. Rb7 Rf7 27. Rf1 Rxb7 28. cxb7 Rb8 29. Nd5 Bd8 30. Bh6 Rxb7 31. Kc3 g5 32. Kc4 a5 33. a4 Rb2 34. Rf3 Rb1 35. Rf2 Re1 36. Kb5 Rxe4 37. Kc6 Rd4 38. Rb2 Kf7 39. Rb8 Kg6 40. Rxd8 Kxh6 41. Rxd6+ Kg7 42. Kxc5 Rxa4 43. Ne3 Kf7 44. Nf5 Nf6 45. Ra6 Ra1 46. Ra7+ Kf8 47. Kd6 Ne4+ 48. Ke6 Nc5+ 49. Kf6 Ke8 50. Rc7 Nd7+ 51. Ke6 Nb6 52. Nd6+ Kd8 53. Rb7 Rb1 54. Nf7+ Kc8 55. Nd6+ Kd8 56. Nc4 Nxc4 57. Rxb1 e4 58. Kd5 Nd2 59. Re1 e3 60. Rxe3 a4 61. Ra3 Nf1 62. Rxa4 Ne3+ 63. Ke6 Ng2 64. Rd4+ Ke8 65. Kf5 Nf4 66. Re4+ Kf7 67. Re3 Kg7 68. Kxg5 Nd5 69. Ra3 Nf6 70. Kxh4 Kg6 71. Ra6 1-0


[Site "https://www.chess.com"]

[Event "Titled Tuesday Blitz July 18 Early 2023"]
[White "Shishkov, Andrei"]
[Black "Ozen, Bahadir"]
[WhiteFideId "4500563"]
[BlackFideId "6337058"]
[WhiteElo "2578"]
[BlackElo "2850"]
[Result "1-0"]
[Round "2"]
[TimeControl "180+2"]
[Date "2023.07.18"]
[WhiteClock "0:00:08"]
[BlackClock "0:01:14"]
[Board "40"]

1. d4 g6 2. e4 Bg7 3. Nf3 d6 4. Bc4 e6 5. O-O Ne7 6. Re1 a6 7. c3 Nd7 8. Nbd2 O-O 9. h3 b5 10. Bd3 c5 11. a4 b4 12. Nb3 bxc3 13. bxc3 Qc7 14. Qe2 Bb7 15. Bf4 cxd4 16. cxd4 e5 17. dxe5 Nxe5 18. Nxe5 Bxe5 19. Bxe5 dxe5 20. Rec1 Qd6 21. Nc5 Rfb8 22. Rab1 Bc8 23. Rxb8 Rxb8 24. Bxa6 Nc6 25. Bxc8 Rxc8 26. Nb7 Qb8 27. Qb5 Nd4 28. Rxc8+ Qxc8 29. Qxe5 Qc1+ 30. Kh2 Ne2 31. Qe8+ Kg7 32. Qe5+ f6 33. Qe7+ Kg8 34. Qe8+ Kg7 35. Qe7+ Kh6 36. Qf8+ Kh5 37. g4+ Kg5 38. Qc5+ Kh4 39. Qxc1 Nxc1 40. a5 1-0


[Site "https://www.chess.com"]

[Event "Titled Tuesday Blitz July 18 Early 2023"]
[White "Vitiugov, Nikita"]
[Black "Gavrilov, Maxim"]
[WhiteFideId "4152956"]
[BlackFideId "24271454"]
[WhiteElo "2850"]
[BlackElo "2573"]
[Result "1-0"]
[Round "2"]
[TimeControl "180+2"]
[Date "2023.07.18"]
[WhiteClock "0:00:06"]
[BlackClock "0:00:00"]
[Board "41"]

1. e4 c5 2. Nf3 d6 3. d4 cxd4 4. Nxd4 Nf6 5. Nc3 a6 6. Bd3 e5 7. Nb3 Be7 8. O-O O-O 9. Kh1 b5 10. a4 b4 11. Nd5 Bb7 12. Nxe7+ Qxe7 13. Bg5 h6 14. Bxf6 Qxf6 15. Na5 Ra7 16. Qd2 d5 17. Nxb7 Rxb7 18. exd5 Nd7 19. f4 Qd6 20. Rae1 a5 21. Bb5 exf4 22. Qxf4 Qxf4 23. Rxf4 Nf6 24. d6 Rd8 25. Rd4 Rb6 26. d7 Re6 27. Rxe6 fxe6 28. Rd6 Kf7 29. Bc4 Ke7 30. Rxe6+ Kxd7 31. Ra6 Kc7 32. h3 Rd1+ 33. Kh2 Rd2 34. Rxa5 Rxc2 35. b3 Ne4 36. Ra7+ Kb6 37. Rxg7 Nd2 38. Rg6+ Kc5 39. Bb5 Kd4 40. a5 Nxb3 41. a6 Ra2 42. Rg4+ Kc5 43. Bd3 Nd4 44. Rg7 b3 45. Rc7+ Kb6 46. Rb7+ Kc6 47. Be4+ Kc5 48. a7 b2 49. Rxb2 Rxa7 50. Rf2 Rg7 51. Rf6 h5 52. Rh6 Rg5 53. Bg6 Ne2 54. Rxh5 Rxh5 55. Bxh5 Nf4 56. g3 Nxh5 57. g4 Ng7 58. h4 Kd6 59. h5 Ke7 60. h6 Nh5 61. h7 1-0


[Site "https://www.chess.com"]

[Event "Titled Tuesday Blitz July 18 Early 2023"]
[White "Ter-Sahakyan, Samvel"]
[Black "Zavgorodniy, Sergiy"]
[WhiteFideId "13302531"]
[BlackFideId "14110148"]
[WhiteElo "2849"]
[BlackElo "2571"]
[Result "1-0"]
[Round "2"]
[TimeControl "180+2"]
[Date "2023.07.18"]
[WhiteClock "0:00:32"]
[BlackClock "0:00:13"]
[Board "42"]

1. d4 d5 2. c4 dxc4 3. Nf3 Nf6 4. e3 e6 5. Bxc4 a6 6. O-O b5 7. Be2 Bb7 8. a4 b4 9. Nbd2 Nbd7 10. Nc4 c5 11. a5 Qc7 12. Nfe5 Be7 13. b3 O-O 14. Bb2 Rfd8 15. Bd3 Rac8 16. Qe2 Nxe5 17. Nxe5 Nd5 18. Rac1 Qxa5 19. Bxh7+ Kxh7 20. Qh5+ Kg8 21. Qxf7+ Kh7 22. Qg6+ Kg8 23. Qxe6+ Kh7 24. Qg6+ Kg8 25. Qf7+ Kh7 26. dxc5 Qc7 27. c6 Ba8 28. Nd7 Bf6 29. Bxf6 Nxf6 30. Nxf6+ Kh6 31. Qh5# 1-0


[Site "https://www.chess.com"]

[Event "Titled Tuesday Blitz July 18 Early 2023"]
[White "Aggelis, Nikolaos"]
[Black "Mitrabha, Guha"]
[WhiteFideId "4213220"]
[BlackFideId "5057000"]
[WhiteElo "2570"]
[BlackElo "2849"]
[Result "1-0"]
[Round "2"]
[TimeControl "180+2"]
[Date "2023.07.18"]
[WhiteClock "0:00:19"]
[BlackClock "0:00:29"]
[Board "43"]

1. c4 c5 2. Nf3 g6 3. g3 Bg7 4. Bg2 Nc6 5. O-O e6 6. Nc3 Nge7 7. b3 d5 8. cxd5 exd5 9. Bb2 O-O 10. d3 b6 11. a3 a5 12. Qc2 d4 13. Ne4 h6 14. Rac1 Be6 15. Ned2 Nd5 16. Rfe1 Re8 17. e4 dxe3 18. fxe3 Nf6 19. Nc4 Rb8 20. Nfe5 Ne7 21. Nc6 Nxc6 22. Bxc6 Bd7 23. Bg2 Ng4 24. Bxg7 Kxg7 25. a4 Be6 26. Qc3+ Qf6 27. Qxf6+ Nxf6 28. d4 cxd4 29. exd4 Bd5 30. Bxd5 Nxd5 31. Kf2 Nb4 32. Rxe8 Rxe8 33. Rd1 Nd5 34. Ne5 f6 35. Nc4 h5 36. Rd2 g5 37. Re2 Rxe2+ 38. Kxe2 f5 39. h4 f4 40. gxf4 g4 41. Kf2 Kf6 42. Kg3 Kf5 43. Nd6+ Ke6 44. Nc4 Ne3 45. Nxe3 1-0


[Site "https://www.chess.com"]

[Event "Titled Tuesday Blitz July 18 Early 2023"]
[White "Chor, Kevin"]
[Black "Bacrot, Etienne"]
[WhiteFideId "2090740"]
[BlackFideId "605506"]
[WhiteElo "2569"]
[BlackElo "2847"]
[Result "0-1"]
[Round "2"]
[TimeControl "180+2"]
[Date "2023.07.18"]
[WhiteClock "0:00:00"]
[BlackClock "0:00:34"]
[Board "44"]

1. e4 c5 2. Nf3 d6 3. d4 cxd4 4. Nxd4 Nf6 5. Nc3 Nc6 6. Bg5 e6 7. Qd2 a6 8. O-O-O Bd7 9. f3 Nxd4 10. Qxd4 Be7 11. Kb1 Qc7 12. g4 h5 13. gxh5 Nxh5 14. Bxe7 Kxe7 15. Rg1 Rad8 16. Qe3 Qc5 17. Rd4 Bc6 18. Rg5 e5 19. Rd3 Qxe3 20. Rxe3 g6 21. Ne2 Ng7 22. Rg2 Ne6 23. c3 Rh4 24. Rf2 Ng5 25. Ng3 Rdh8 26. Ree2 Ne6 27. Kc2 Nf4 28. Rd2 Ba4+ 29. b3 Bd7 30. Bc4 b5 31. Bd5 Nxd5 32. exd5 f5 33. Nf1 f4 34. Kb2 g5 35. c4 bxc4 36. bxc4 Rb8+ 37. Kc3 g4 38. Rde2 Rc8 39. Nd2 Bf5 40. fxg4 Bxg4 41. Rxf4 Rh3+ 42. Kb2 Bxe2 0-1


[Site "https://www.chess.com"]

[Event "Titled Tuesday Blitz July 18 Early 2023"]
[White "Sargsyan, Anna M."]
[Black "KhalilMousavi98"]
[WhiteFideId "13308130"]
[WhiteElo "2569"]
[BlackElo "2843"]
[Result "0-1"]
[Round "2"]
[TimeControl "180+2"]
[Date "2023.07.18"]
[WhiteClock "0:00:03"]
[BlackClock "0:00:05"]
[Board "45"]

1. e4 c5 2. Nf3 d6 3. Bb5+ Nd7 4. O-O a6 5. Bd3 e5 6. c3 g5 7. Bc2 Bg7 8. d4 g4 9. Ne1 exd4 10. Qxg4 Kf8 11. cxd4 Bxd4 12. Nc3 b5 13. Be3 Ne5 14. Qe2 Bxe3 15. fxe3 b4 16. Nd5 a5 17. Nd3 Qg5 18. Nxe5 Qxe5 19. Rf4 Be6 20. Raf1 Ra7 21. Qb5 Ne7 22. Qb8+ Nc8 23. Nc7 Kg7 24. Bd1 h5 25. Ba4 c4 26. Ne8+ Rxe8 27. Bxe8 Qxb2 28. Bxf7 Bxf7 29. Rxf7+ Rxf7 30. Qxc8 Rxf1+ 31. Kxf1 Qb1+ 32. Kf2 Qxe4 33. Qc7+ Kf6 34. Qxd6+ Qe6 35. Qd8+ Kf7 36. Qxa5 c3 37. Qxh5+ Ke7 38. Qc5+ Kf7 39. Qxb4 Qxa2+ 40. Kf3 c2 41. Qb7+ Ke6 42. Qc8+ Kd6 43. Qd8+ Kc6 44. Qc8+ Kb5 45. Qb7+ Ka4 46. Qc6+ Kb3 47. h4 Kb2 48. Qf6+ Kb1 49. Qf5 Ka1 50. Qf6+ Qb2 51. Qa6+ Kb1 52. Qd3 Ka2 53. Qa6+ Qa3 54. Qc4+ Kb2 55. Qb5+ Qb3 56. Qe2 Kb1 57. Qe1+ c1=Q 58. Qxc1+ Kxc1 59. h5 Qf7+ 60. Kg4 Kd2 0-1


[Site "https://www.chess.com"]

[Event "Titled Tuesday Blitz July 18 Early 2023"]
[White "Timofeev, Artyom"]
[Black "Mekhane, Adam"]
[WhiteFideId "4140419"]
[BlackFideId "36050601"]
[WhiteElo "2841"]
[BlackElo "2569"]
[Result "1-0"]
[Round "2"]
[TimeControl "180+2"]
[Date "2023.07.18"]
[WhiteClock "0:01:27"]
[BlackClock "0:00:04"]
[Board "46"]

1. c4 e5 2. Nc3 Nf6 3. Nf3 Nc6 4. d3 d5 5. cxd5 Nxd5 6. e3 Be7 7. Be2 O-O 8. O-O Be6 9. a3 f5 10. Qc2 Kh8 11. Bd2 Bf6 12. Rfe1 Nxc3 13. Bxc3 Qd6 14. b4 f4 15. Rac1 Ne7 16. exf4 Ng6 17. fxe5 Nxe5 18. Nxe5 Bxe5 19. Bxe5 Qxe5 20. Bf3 Qf6 21. Bxb7 Rad8 22. Be4 Bf5 23. h3 h6 24. Re3 Bxe4 25. dxe4 Rd4 26. e5 Qd8 27. Re2 Rf7 28. e6 Re7 29. Rce1 Qd6 30. Qg6 Kg8 31. Re3 Rf4 32. Rg3 Qd2 33. Rf1 Qd4 34. Qxh6 Rf6 35. Qe3 Qxe3 36. Rxe3 Rfxe6 37. Rfe1 Kf7 38. Rxe6 Rxe6 39. Rxe6 Kxe6 40. h4 a5 41. bxa5 c5 42. Kf1 Kd5 43. Ke2 Kc6 44. Kd3 Kb5 45. g4 1-0


[Site "https://www.chess.com"]

[Event "Titled Tuesday Blitz July 18 Early 2023"]
[White "Pinero Rodriguez, Carlos Jose"]
[Black "Fridman, Daniel"]
[WhiteFideId "3901726"]
[BlackFideId "11600454"]
[WhiteElo "2568"]
[BlackElo "2841"]
[Result "0-1"]
[Round "2"]
[TimeControl "180+2"]
[Date "2023.07.18"]
[WhiteClock "0:00:01"]
[BlackClock "0:00:06"]
[Board "47"]

1. b3 d5 2. Bb2 Bg4 3. Nf3 Bxf3 4. gxf3 Nc6 5. e3 e5 6. Bb5 Qg5 7. Kf1 Bd6 8. h4 Qh5 9. Nc3 Ne7 10. Ne2 Qxf3 11. Ng3 Qxd1+ 12. Rxd1 h5 13. a3 O-O-O 14. Be2 g6 15. c4 f5 16. cxd5 Nxd5 17. Rg1 Be7 18. Rh1 Bf6 19. Ke1 e4 20. Bxf6 Nxf6 21. Rc1 Ne5 22. Rc3 Rd5 23. Bc4 Rd6 24. Be2 Rhd8 25. Rc2 Nf3+ 26. Bxf3 exf3 27. d4 f4 28. Nf1 Ng4 29. Rh3 fxe3 30. fxe3 f2+ 31. Ke2 b6 32. Nh2 Rf6 33. Kf1 Nxh2+ 34. Rxh2 Rf3 35. Rhxf2 Rxe3 36. Rf7 Rd7 37. Rf6 Rxb3 38. Rxg6 Rxd4 39. Rg5 Rxa3 40. Rxh5 Rd7 41. Rh8+ Kb7 42. h5 Rf7+ 43. Kg2 Rg7+ 44. Kh2 Ra4 45. Rc3 Rh4+ 46. Rh3 Rxh3+ 47. Kxh3 a5 48. h6 Rg6 49. Kh4 a4 50. Kh5 Rg1 51. Rf8 a3 52. Rf2 b5 53. Rh2 Rg8 54. h7 Rd8 55. Kg5 b4 56. Kf4 b3 57. Rh3 Kc6 58. Rxb3 Rh8 59. Rxa3 Rxh7 60. Ke4 Rd7 61. Rb3 Kc5 62. Rb1 c6 63. Ke3 Kc4 64. Rc1+ Kb5 65. Rb1+ Ka4 66. Rc1 Rd6 67. Ke4 Kb4 68. Ke5 Rd5+ 69. Ke4 Rc5 70. Rb1+ Kc4 71. Rc1+ Kb4 72. Rb1+ Ka3 73. Ra1+ Kb2 74. Ra8 Kc3 75. Ra3+ Kb4 76. Ra1 Rc4+ 77. Kd3 Rc3+ 78. Kd2 Rh3 79. Rb1+ Kc4 80. Rb8 c5 81. Rc8 Rh2+ 82. Kc1 Rh1+ 83. Kd2 Rh5 84. Rg8 Kb3 85. Rb8+ Kc4 86. Rg8 Rh2+ 87. Kc1 Kb4 88. Rg4+ c4 89. Rg8 Kb3 90. Rg7 Rh1+ 91. Kd2 c3+ 92. Kd3 Rd1+ 93. Ke2 c2 94. Rb7+ Ka4 95. Ra7+ Kb5 96. Rb7+ Ka6 97. Rb8 c1=Q 0-1


[Site "https://www.chess.com"]

[Event "Titled Tuesday Blitz July 18 Early 2023"]
[White "Harsh Suresh"]
[Black "Zhang, Eric"]
[WhiteFideId "45018464"]
[BlackFideId "30907667"]
[WhiteElo "2835"]
[BlackElo "2568"]
[Result "1-0"]
[Round "2"]
[TimeControl "180+2"]
[Date "2023.07.18"]
[WhiteClock "0:02:55"]
[BlackClock "0:01:18"]
[Board "48"]

1. e4 c5 2. Nc3 d6 3. f4 Nc6 4. Nf3 g6 5. Bc4 Bg7 6. O-O e6 7. d3 Nge7 8. Qe1 O-O 9. f5 exf5 10. Qh4 Ne5 11. Bg5 N5c6 12. Nd5 Re8 13. Nf6+ Bxf6 14. Bxf6 h5 15. Qg5 fxe4 16. Qh6 1-0


[Site "https://www.chess.com"]

[Event "Titled Tuesday Blitz July 18 Early 2023"]
[White "Mamedov, Edgar"]
[Black "Pakleza, Zbigniew"]
[WhiteFideId "13739980"]
[BlackFideId "1119290"]
[WhiteElo "2565"]
[BlackElo "2813"]
[Result "0-1"]
[Round "2"]
[TimeControl "180+2"]
[Date "2023.07.18"]
[WhiteClock "0:00:00"]
[BlackClock "0:00:05"]
[Board "49"]

1. d4 d6 2. Nf3 Bg4 3. e3 Nf6 4. Be2 e6 5. O-O Be7 6. c4 c6 7. Nc3 d5 8. b3 O-O 9. Bb2 Nbd7 10. Qc2 Bf5 11. Bd3 Bg6 12. Bxg6 hxg6 13. e4 dxe4 14. Nxe4 Qa5 15. Rfe1 Rfe8 16. Nxf6+ Bxf6 17. Ne5 Rad8 18. f4 g5 19. fxg5 Bxg5 20. Nxd7 Rxd7 21. Re5 Qd8 22. Rd1 Bf6 23. Re4 c5 24. d5 Bxb2 25. Qxb2 exd5 26. Rxe8+ Qxe8 27. cxd5 Rxd5 28. Qc1 Rxd1+ 29. Qxd1 Qe3+ 30. Kf1 Qf4+ 31. Kg1 Qe3+ 32. Kf1 g6 33. Qd7 Qf4+ 34. Ke2 Qe4+ 35. Kf2 Kg7 36. Qc7 Qd4+ 37. Kf3 Qd5+ 38. Kf2 a6 39. Qb6 Qd2+ 40. Kf3 Qxa2 41. Qxb7 c4 42. bxc4 Qxc4 43. Qb2+ Kh7 44. Qa3 Qd5+ 45. Kf2 a5 46. Qa4 Qc5+ 47. Kf3 Qc3+ 48. Kf2 Qb2+ 0-1


[Site "https://www.chess.com"]

[Event "Titled Tuesday Blitz July 18 Early 2023"]
[White "Kosteniuk, Alexandra"]
[Black "Becerra, Juan David"]
[WhiteFideId "4128125"]
[BlackFideId "4404998"]
[WhiteElo "2801"]
[BlackElo "2564"]
[Result "1/2-1/2"]
[Round "2"]
[TimeControl "180+2"]
[Date "2023.07.18"]
[WhiteClock "0:00:18"]
[BlackClock "0:00:09"]
[Board "50"]

1. e4 e5 2. Nf3 Nc6 3. Bb5 f5 4. d3 fxe4 5. dxe4 d6 6. Ng5 Be7 7. h4 Bxg5 8. hxg5 Ne7 9. Qh5+ Kf8 10. Qf3+ Ke8 11. Nc3 Be6 12. Nd5 a6 13. Bc4 Kd7 14. Be3 b5 15. Nf6+ gxf6 16. Bxe6+ Kxe6 17. gxf6 Ng6 18. Bg5 Kf7 19. Qb3+ d5 20. c3 Na5 21. Qc2 c6 22. O-O-O Qd6 23. Rh3 Nc4 24. Rdh1 h5 25. Rxh5 Rxh5 26. Rxh5 Rh8 27. Rxh8 Nxh8 28. exd5 Ng6 29. dxc6 Qxc6 30. f3 e4 31. Qxe4 Qxe4 32. fxe4 Nd6 33. Kc2 Nxe4 34. Be3 Nxf6 35. b3 Ke6 36. c4 Ne5 37. Kc3 Ne4+ 38. Kb4 bxc4 39. bxc4 a5+ 40. Kb3 Kd6 41. Bf4 Nc5+ 42. Kc3 Ke6 43. Kd4 Ncd7 44. c5 Nc6+ 45. Kc4 Na7 46. g4 Ne5+ 47. Bxe5 Kxe5 48. a4 Kf4 49. Kd5 Kxg4 50. c6 Nc8 51. Kc5 Kf5 52. Kb5 Ke6 53. Kxa5 Kd6 54. Kb5 Kc7 55. a5 Na7+ 56. Kc5 Nxc6 57. a6 Na7 58. Kd5 Kb6 59. Kd6 Kxa6 1/2-1/2


[Site "https://www.chess.com"]

[Event "Titled Tuesday Blitz July 18 Early 2023"]
[White "Elsa167"]
[Black "NovoselovRoman"]
[WhiteElo "2798"]
[BlackElo "2563"]
[Result "1-0"]
[Round "2"]
[TimeControl "180+2"]
[Date "2023.07.18"]
[WhiteClock "0:00:07"]
[BlackClock "0:00:00"]
[Board "51"]

1. d4 d5 2. c4 e6 3. Nc3 Nf6 4. Nf3 a6 5. cxd5 exd5 6. Bg5 c6 7. e3 Bd6 8. Bd3 Bg4 9. Qb3 Qe7 10. Bxf6 gxf6 11. Nh4 a5 12. Bf5 Bh5 13. Qc2 Bg6 14. Nf3 Na6 15. a3 Nc7 16. h4 Rg8 17. g3 h5 18. Ne2 Qe6 19. Bxe6 Bxc2 20. Bh3 Be4 21. Bg2 Ne6 22. O-O Ke7 23. Kh2 Rg4 24. Nf4 Rag8 25. Nxh5 Rh8 26. Nf4 Bxf4 27. exf4 Nxf4 28. Ne1 Rhxh4+ 29. gxh4 Nxg2 30. f3 Nxe1 31. Raxe1 Rxh4+ 32. Kg3 Rh5 33. fxe4 1-0


[Site "https://www.chess.com"]

[Event "Titled Tuesday Blitz July 18 Early 2023"]
[White "Krstulovic, Alex"]
[Black "Krzyzanowski, Marcin"]
[WhiteFideId "760056"]
[BlackFideId "1132199"]
[WhiteElo "2562"]
[BlackElo "2778"]
[Result "1-0"]
[Round "2"]
[TimeControl "180+2"]
[Date "2023.07.18"]
[WhiteClock "0:00:23"]
[BlackClock "0:00:01"]
[Board "52"]

1. Nf3 Nf6 2. d4 g6 3. c4 d6 4. Nc3 Bf5 5. Ng5 Bg7 6. f4 O-O 7. e4 Bg4 8. Be2 Bxe2 9. Qxe2 e5 10. fxe5 dxe5 11. dxe5 Ne8 12. e6 f6 13. Nd5 Nc6 14. Nf7 Qc8 15. Qg4 Nd6 16. Nxd6 cxd6 17. O-O Kh8 18. Be3 Ne5 19. Qh3 Re8 20. Nxf6 Bxf6 21. Rxf6 Qxc4 22. Raf1 Qxe4 23. e7 h5 24. Bg5 Kg7 25. Qe6 Qc4 26. Qxc4 Nxc4 27. Rf7+ Kg8 28. Bh6 Ne5 29. Rf8+ Kh7 30. Bg5 Kg7 31. Rxe8 Rxe8 32. Rf8 Rxf8 33. Bh6+ Kxh6 34. exf8=Q+ Kg5 35. Qxd6 Kf5 36. Qb8 Ke4 37. Qxb7+ 1-0


[Site "https://www.chess.com"]

[Event "Titled Tuesday Blitz July 18 Early 2023"]
[White "Kashlinskaya, Alina"]
[Black "Volovich, Vasily"]
[WhiteFideId "4198026"]
[BlackFideId "34169676"]
[WhiteElo "2560"]
[BlackElo "2772"]
[Result "1-0"]
[Round "2"]
[TimeControl "180+2"]
[Date "2023.07.18"]
[WhiteClock "0:00:35"]
[BlackClock "0:00:00"]
[Board "53"]

1. Nf3 Nf6 2. g3 g6 3. b3 Bg7 4. Bb2 O-O 5. Bg2 d5 6. O-O c5 7. d4 Ne4 8. Nbd2 Nc6 9. e3 Bf5 10. h3 Rc8 11. g4 Nxd2 12. Nxd2 Be6 13. Nf3 Qb6 14. Re1 h6 15. Ne5 cxd4 16. exd4 Nxe5 17. dxe5 Rfd8 18. Bd4 Qa5 19. c3 Rc7 20. Qd3 Rdc8 21. f4 Bd7 22. f5 Rxc3 23. Bxc3 Rxc3 24. Qxd5 Qb6+ 25. Kh2 Bc6 26. Qd2 Qb4 27. Rad1 Bxg2 28. Kxg2 Qc5 29. Qd4 Rc2+ 30. Kg1 Qc6 31. Rd2 Rxd2 32. Qxd2 gxf5 33. gxf5 Qf3 34. Qf2 Qxh3 35. f6 exf6 36. exf6 Qg4+ 37. Kf1 Qh3+ 38. Kg1 Qg4+ 39. Qg2 Qxg2+ 40. Kxg2 Bxf6 41. Re8+ Kg7 42. Rb8 b6 43. Rb7 Bd4 44. Rxa7 Kg6 45. a4 f5 46. Rb7 Kg5 47. b4 f4 48. a5 bxa5 49. bxa5 Kg4 50. Rb3 h5 51. a6 h4 52. Ra3 Ba7 53. Rd3 Bb6 54. Rd6 Ba7 55. Rg6+ Kf5 56. Rg7 1-0


[Site "https://www.chess.com"]

[Event "Titled Tuesday Blitz July 18 Early 2023"]
[White "Wagner, Dennis"]
[Black "Siniauski, Artsiom"]
[WhiteFideId "24650684"]
[BlackFideId "13512269"]
[WhiteElo "2772"]
[BlackElo "2560"]
[Result "1-0"]
[Round "2"]
[TimeControl "180+2"]
[Date "2023.07.18"]
[WhiteClock "0:01:33"]
[BlackClock "0:01:43"]
[Board "54"]

1. d4 Nf6 2. Nf3 b6 3. g3 Bb7 4. c4 g6 5. Bg2 Bg7 6. O-O O-O 7. Qc2 Be4 8. Qd2 Bb7 9. Nc3 Ne4 10. Nxe4 Bxe4 11. Qf4 f5 12. Rd1 e6 13. Ne1 Bxg2 14. Nxg2 d6 15. Qf3 Nd7 16. Nf4 Qe7 17. Qc6 Nf6 18. d5 e5 19. Ne6 Rf7 20. Qxa8+ Bf8 21. Bg5 1-0


[Site "https://www.chess.com"]

[Event "Titled Tuesday Blitz July 18 Early 2023"]
[White "Zaragatski, Ilja"]
[Black "Tsaruk, Maksim"]
[WhiteFideId "4655192"]
[BlackFideId "13511173"]
[WhiteElo "2557"]
[BlackElo "2772"]
[Result "1-0"]
[Round "2"]
[TimeControl "180+2"]
[Date "2023.07.18"]
[WhiteClock "0:00:11"]
[BlackClock "0:00:04"]
[Board "55"]

1. g3 d5 2. Nf3 Nf6 3. Bg2 Bf5 4. c4 c6 5. Qb3 Qb6 6. cxd5 Qxb3 7. axb3 Bxb1 8. dxc6 Nxc6 9. Rxb1 e6 10. O-O Bb4 11. d3 Ke7 12. Ra1 Rac8 13. Be3 a5 14. Rfc1 Nd5 15. Bg5+ f6 16. Bd2 Bxd2 17. Nxd2 Nd4 18. Kf1 b6 19. e3 Nc2 20. Rab1 Ndb4 21. Nc4 Rc7 22. Nxb6 Nxd3 23. Rd1 Ncb4 24. Nc4 Rd8 25. Nxa5 Rc2 26. Kg1 Rxf2 27. Bf1 Rf3 28. Nc4 Rf5 29. Ra1 Kf8 30. Ra4 Rb5 31. Ra7 Rbb8 32. Rd2 h5 33. Na5 Nc5 34. Rxd8+ Rxd8 35. Nc4 Ne4 36. Rb7 Nd5 37. b4 h4 38. gxh4 f5 39. b5 f4 40. exf4 Nxf4 41. b6 Rd1 42. Rb8+ Kf7 43. b7 Ne2+ 44. Kg2 Nf4+ 45. Kf3 Rxf1+ 46. Kxe4 Nd5 47. Rf8+ Kxf8 48. b8=Q+ Kf7 49. Ne5+ Ke7 50. Qb7+ Ke8 51. Qd7+ Kf8 52. Qd8# 1-0


[Site "https://www.chess.com"]